 Dungeon Crawl Stone Soup version 0.31-a0-705-ga145531891 (webtiles) character file.

Game seed: 13979234221248801482

31 shumumu the Grave Robber (level 3, -1/24 HPs)
             Began as a Mummy Necromancer on Sept 9, 2023.
             Was a Plaything of Xom.
             Slain by a white imp (2 damage)
             ... on level 3 of the Dungeon.
             The game lasted 00:15:23 (896 turns).

shumumu the Grave Robber (Mummy Necromancer)         Turns: 896, Time: 00:15:26

Health: -1/24      AC:  2    Str: 11    XL:     3   Next: 7%
Magic:  7/7        EV: 12    Int: 16    God:    Xom [..*...]
Gold:   48         SH:  0    Dex: 12    Spells: 7/8 levels left

rFire   x . .        b - +0 club
rCold   + . .        (no shield)
rNeg    + + +        a - +0 robe
rPois   ∞            (no helmet)
rElec   .            (no cloak)
rCorr   .            (no gloves)
SInv    .            (no boots)
Will    .....        (no amulet)
Stlth   ++           (no ring)
HPRegen 0.24/turn    (no ring)
MPRegen 0.10/turn

%: faith
@: no status effects
A: cold resistance 1, negative energy resistance 3, torment resistance 2, heat
vulnerability 1, in touch with death 1, no potions, faith
a: Renounce Religion


You were on level 3 of the Dungeon.
You worshipped Xom.
You were a toy of Xom.
You visited 1 branch of the dungeon, and saw 3 of its levels.

You collected 48 gold pieces.

Inventory:

Hand Weapons
 b - a +0 club (weapon)
 c - a +1 short sword of holy wrath
Armour
 a - a +0 robe (worn)
Talismans
 h - a beast talisman
Scrolls
 g - a scroll of amnesia {unknown}
Potions
 d - a potion of lignification {unknown}
 e - a potion of might {unknown}
 f - 2 potions of curing {unknown}


   Skills:
 + Level 2.0 Dodging
 + Level 2.0 Stealth
 + Level 3.2 Spellcasting
 + Level 4.2 Necromancy


You had 7 spell levels left.
You knew the following spells:

 Your Spells              Type           Power      Damage    Failure   Level
a - Necrotise             Necr           96%        1d8       3%          1

Your spell library contained the following spells:

 Spells                   Type           Power      Damage    Failure   Level
 Vampiric Draining        Necr           24%        2d7       10%         3
 Animate Dead             Necr           24%        N/A       30%         4
 Agony                    Necr           24%        N/A       65%         5


Dungeon Overview and Level Annotations

Branches:
Dungeon (3/15)

Altars:
Xom


Innate Abilities, Weirdness & Mutations

You are immune to poison.
Your flesh is cold resistant. (rC+)
You are immune to negative energy. (rN+++)
You are immune to unholy pain and torment.
You are vulnerable to heat. (rF-)
You are in touch with the powers of death.
You do not drink.
You have a special connection with the divine. (Faith)


Message History

This spell is quite dangerous to cast!
Your bat skeleton barely misses the white imp. x2
Your bat skeleton closely misses the white imp.
The white imp gestures at you.
Your memorisation is interrupted.
The puff of frost hits you. You resist.
You closely miss the white imp.
Your bat skeleton hits the white imp but does no damage.
Your bat skeleton hits the white imp. x2; The white imp closely misses you.
Your bat skeleton hits the white imp but does no damage.
You hit the white imp.
The white imp is moderately wounded.
Your bat skeleton barely misses the white imp.
Your bat skeleton hits the white imp but does no damage.
Your bat skeleton closely misses the white imp.
The white imp hits you but does no damage.
You barely miss the white imp.
The white imp is moderately wounded.
Your bat skeleton hits the white imp but does no damage. x2
Your bat skeleton hits the white imp.
The white imp gestures at you. The puff of frost hits you. You resist.
* * * LOW HITPOINT WARNING * * *
Your bat skeleton hits the white imp.
You hit the white imp but do no damage.
The white imp is heavily wounded.
Your bat skeleton crumbles into dust!
The white imp misses you. The white imp barely misses you.
You hit the white imp but do no damage.
The white imp is heavily wounded.
The white imp hits you.
* * * LOW HITPOINT WARNING * * *
The white imp freezes you. You resist.
* * * LOW HITPOINT WARNING * * *
You closely miss the white imp.
The white imp is heavily wounded.
The white imp hits you.
* * * LOW HITPOINT WARNING * * *
The white imp freezes you. You resist.
You die... "It was about time."

#.#.##########.....#########
#.#.# #.....# #.#.# #######
#.#.# ######
#.####!#.###....########
........................
#......#.###..........#
#######....+.....5....##
######....@......#
#..$....#...# #.#.....# #
#.#!....# #.#.....#
#.#.....# #.#...[.# #.....#


You could see a white imp.

Vanquished Creatures
  2 dart slugs (D:1)
  2 ball pythons (D:1)
  4 endoplasms (D:1)
  2 giant cockroaches
  3 goblins
  A hobgoblin (D:2)
  A jackal (D:1)
  4 kobolds
  2 bats (D:3)
  3 frilled lizards (D:1)
  A rat (D:1)
25 creatures vanquished.

Notes
Turn   | Place    | Note
-------+----------+-------------------------------------------
     0 | D:1      | shumumu the Mummy Necromancer began the quest for the Orb.
     0 | D:1      | Reached XP level 1. HP: 13/13 MP: 4/4
   131 | D:1      | Reached XP level 2. HP: 19/19 MP: 1/6
   644 | D:2      | Reached XP level 3. HP: 24/24 MP: 1/7
   731 | D:3      | Found a faded altar of an unknown god.
   749 | D:3      | Prayed at the altar of an unknown god.
   749 | D:3      | Became a worshipper of Xom the Capricious
   883 | D:3      | XOM: silly message
   896 | D:3      | HP: 1/24 [white imp (1)]
   896 | D:3      | Slain by a white imp

Illustrated notes

Levels and vault maps discovered:
D:1:      tarquinn_simple_flora_water_f, layout_rooms, serial_bayou,
          serial_bayou_lagoon_b, serial_bayou_ford_a, serial_bayou_pond_b,
          serial_bayou_pond_a, grunt_decor_fettered, minmay_tall_x
D:2:      layout_loops_ring, bh_walls_and_bars, uniq_robin, uniq_natasha
D:3:      kennysheep_big_flooded_room, layout_basic, elyvilon_altar_1,
          shapermc_ecumenical_altar_pompeii, dk_noncrumbling_4, uniq_grinder

Skill      XL: |  1  2  3 |
---------------+----------+-----
Spellcasting   | 3 |  3.2
Stealth        | 2 |  2.0
Dodging        | 2 |  2.0
Necromancy     | |  4.2

Action                     || total
---------------------------++-------
  Melee: Unarmed           ||    10
         Club              ||     7
   Cast: Necrotise         ||    34
    Use: Scroll            ||     3
 Armour: Robe              ||    17
  Dodge: Dodged            ||    12

Table legend: (Time is in decaauts)
 A = Elapsed time spent in this place.
 B = Non-inter-level travel time spent in this place.
 C = Inter-level travel time spent in this place.
 D = Time resting spent in this place.
 E = Time spent auto-exploring this place.
 F = Levels seen in this place.
 G = Mean time per level.
                   A        B        C        D        E       F      G
               +--------+--------+--------+--------+--------+-----+--------+
         Total |    902 |    902 |      0 |    281 |    248 |   3 |  300.7 |
       Dungeon |    902 |    902 |      0 |    281 |    248 |   3 |  300.7 |
               +--------+--------+--------+--------+--------+-----+--------+

Top non-repeatable levels by time:
     D:1: 515 daAuts
     D:2: 207 daAuts
     D:3: 179 daAuts
